BR
PUNTA CANA HUTIAS @ PLYMOUTH COCKS
07/30/2026
 
TOP OF THE 1ST
Punta Cana Hutias batting - Pitching for Plymouth Cocks : LHP Bernardo Valero
Pitching: LHP Bernardo Valero
Batting: RHB Bob Lee 0-0: Bunt missed!
0-1: Swinging Strike
0-2: Ball
1-2: Ball
2-2: Ball
3-2: Strikes out looking
Batting: LHB Henry Durham 0-0: Foul Ball, location: 2F
0-1: Ball
1-1: DOUBLE (Line Drive, 3L)
Batting: LHB Carlton López 0-0: Called Strike
0-1: Ball
1-1: Fly out, F9 (Line Drive, 9D)
Runner from 2nd tags up, SAFE at 3rd, no throw
Batting: RHB Rubén Hernández 0-0: Fly out, F7 (Flyball, 7M)
Top of the 1st over - 0 run(s), 1 hit(s), 0 error(s), 1 left on base; Punta Cana 0 - Plymouth 0
BOTTOM OF THE 1ST
Plymouth Cocks batting - Pitching for Punta Cana Hutias : RHP Doug Scott
Pitching: RHP Doug Scott
Batting: RHB Pablo Hernández 0-0: Called Strike
0-1: Swinging Strike
0-2: Foul Ball, location: 2F
0-2: Ball
1-2: Foul Ball, location: 2F
1-2: Ball
2-2: Strikes out swinging
Batting: RHB Cipriano Baca 0-0: Ball
1-0: Swinging Strike
1-1: SINGLE (Groundball, 5D)
Batting: RHB Tomás Díaz 0-0: Ball
1-0: Foul Ball, location: 2F
1-1: Ball
2-1: Called Strike
2-2: Ball
Cipriano Baca steals 2nd base
3-2: SINGLE (Line Drive, 6MD)
Cipriano Baca to third
Batting: RHB Kelly Graham 0-0: Fly out, F4 (Popup, 4)
Batting: LHB José Guzmán 0-0: Ball
1-0: Fly out, F5 (Popup, 5F)
Bottom of the 1st over - 0 run(s), 2 hit(s), 0 error(s), 2 left on base; Punta Cana 0 - Plymouth 0
TOP OF THE 2ND
Punta Cana Hutias batting - Pitching for Plymouth Cocks : LHP Bernardo Valero
Batting: RHB Edgardo Vásquez 0-0: Ball
1-0: Foul Ball, location: 2F
1-1: Called Strike
1-2: Fly out, F9 (Flyball, 89M)
Batting: SHB Ken Gibson 0-0: Ball
1-0: Called Strike
1-1: Called Strike
1-2: Foul Ball, location: 2F
1-2: Strikes out swinging
Batting: LHB Dusty Wilson 0-0: Fly out, F7 (Flyball, 7M)
Top of the 2nd over - 0 run(s), 0 hit(s), 0 error(s), 0 left on base; Punta Cana 0 - Plymouth 0
BOTTOM OF THE 2ND
Plymouth Cocks batting - Pitching for Punta Cana Hutias : RHP Doug Scott
Batting: RHB Phil Hacker 0-0: Ground out 5-3 (Groundball, 5S)
Batting: RHB Chase Wilkerson 0-0: Ball
1-0: Called Strike
1-1: Called Strike
1-2: Ball
2-2: Ball
3-2: Fly out, F7 (Flyball, 78M)
Batting: LHB Greg Sharpe 0-0: Ball
1-0: Called Strike
1-1: Ground out U3 (Groundball, 3)
Bottom of the 2nd over - 0 run(s), 0 hit(s), 0 error(s), 0 left on base; Punta Cana 0 - Plymouth 0
TOP OF THE 3RD
Punta Cana Hutias batting - Pitching for Plymouth Cocks : LHP Bernardo Valero
Batting: SHB Alonso Contrera 0-0: Ball
1-0: Fly out, F9 (Flyball, 9M)
Batting: LHB Marvin Nichols 0-0: Ball
1-0: Ball
2-0: Called Strike
2-1: Foul Ball, location: 2F
2-2: Strikes out swinging
Batting: RHB Bob Lee 0-0: Called Strike
0-1: Ball
1-1: Ball
2-1: Foul Ball, location: 2F
2-2: Foul Ball, location: 2F
2-2: Ball
3-2: Base on Balls
Batting: LHB Henry Durham 0-0: Ball
1-0: Called Strike
1-1: Ball
2-1: Fly out, F8 (Popup, 8RS)
Top of the 3rd over - 0 run(s), 0 hit(s), 0 error(s), 1 left on base; Punta Cana 0 - Plymouth 0
BOTTOM OF THE 3RD
Plymouth Cocks batting - Pitching for Punta Cana Hutias : RHP Doug Scott
Batting: LHB Will Elliott 0-0: Ball
1-0: Ground out 4-3 (Groundball, 4M)
Batting: RHB Pablo Hernández 0-0: Ball
1-0: Foul Ball, location: 2F
1-1: Ball
2-1: Ball
3-1: Fly out, F8 (Flyball, 78M)
Batting: RHB Cipriano Baca 0-0: Called Strike
0-1: Ball
1-1: Foul Ball, location: 2F
1-2: Foul Ball, location: 2F
1-2: Strikes out looking
Bottom of the 3rd over - 0 run(s), 0 hit(s), 0 error(s), 0 left on base; Punta Cana 0 - Plymouth 0
TOP OF THE 4TH
Punta Cana Hutias batting - Pitching for Plymouth Cocks : LHP Bernardo Valero
Batting: LHB Carlton López 0-0: Called Strike
0-1: Foul Ball, location: 2F
0-2: Strikes out swinging
Batting: RHB Rubén Hernández 0-0: Foul Ball, location: 2F
0-1: Ball
1-1: Foul Ball, location: 2F
1-2: Ball
2-2: Strikes out swinging
Batting: RHB Edgardo Vásquez 0-0: SINGLE (Line Drive, 7LM)
Batting: SHB Ken Gibson 0-0: Ball
1-0: Ball
2-0: Ball
3-0: Called Strike
3-1: Fly out, F3 (Popup, 3F)
Top of the 4th over - 0 run(s), 1 hit(s), 0 error(s), 1 left on base; Punta Cana 0 - Plymouth 0
BOTTOM OF THE 4TH
Plymouth Cocks batting - Pitching for Punta Cana Hutias : RHP Doug Scott
Batting: RHB Tomás Díaz 0-0: Ball
1-0: Ball
2-0: Ball
3-0: Called Strike
3-1: Swinging Strike
3-2: Strikes out swinging
Batting: RHB Kelly Graham 0-0: Ball
1-0: Foul Ball, location: 2F
1-1: Called Strike
1-2: Strikes out swinging
Batting: LHB José Guzmán 0-0: Swinging Strike
0-1: Foul Ball, location: 2F
0-2: Foul Ball, location: 2F
0-2: Ground out 6-3 (Groundball, 6M)
Bottom of the 4th over - 0 run(s), 0 hit(s), 0 error(s), 0 left on base; Punta Cana 0 - Plymouth 0
TOP OF THE 5TH
Punta Cana Hutias batting - Pitching for Plymouth Cocks : LHP Bernardo Valero
Batting: LHB Dusty Wilson 0-0: Fly out, F8 (Flyball, 8RS)
Batting: SHB Alonso Contrera 0-0: Swinging Strike
0-1: Ball
1-1: Foul Ball, location: 2F
1-2: Foul Ball, location: 2F
1-2: Ball
2-2: Strikes out swinging
Batting: LHB Marvin Nichols 0-0: Called Strike
0-1: Ball
1-1: Foul Ball, location: 2F
1-2: Ball
2-2: Strikes out looking
Top of the 5th over - 0 run(s), 0 hit(s), 0 error(s), 0 left on base; Punta Cana 0 - Plymouth 0
BOTTOM OF THE 5TH
Plymouth Cocks batting - Pitching for Punta Cana Hutias : RHP Doug Scott
Batting: RHB Phil Hacker 0-0: Ball
1-0: Ball
2-0: Ball
3-0: Called Strike
3-1: Fly out, F6 (Popup, 6)
Batting: RHB Chase Wilkerson 0-0: DOUBLE (Popup, 9LS)
Batting: LHB Greg Sharpe 0-0: SINGLE (Line Drive, 4M)
Chase Wilkerson to third
Batting: LHB Will Elliott 0-0: Called Strike
Greg Sharpe steals 2nd base
0-1: Fly out, F4 (Popup, 34)
Batting: RHB Pablo Hernández 0-0: Called Strike
0-1: Reached on error, E5 (Groundball, 5)
Chase Wilkerson scores
Greg Sharpe to third
Batting: RHB Cipriano Baca 0-0: SINGLE (Line Drive, 6)
Greg Sharpe scores
Pablo Hernández to second
Batting: RHB Tomás Díaz 0-0: Ball
1-0: Fly out, F8 (Flyball, 8LM)
Bottom of the 5th over - 2 run(s), 3 hit(s), 1 error(s), 2 left on base; Punta Cana 0 - Plymouth 2
TOP OF THE 6TH
Punta Cana Hutias batting - Pitching for Plymouth Cocks : LHP Bernardo Valero
Batting: RHB Bob Lee 0-0: Foul Ball, location: 2F
0-1: Ball
1-1: Ball
2-1: SINGLE (Groundball, 4MD) (infield hit)
Batting: LHB Henry Durham 0-0: Ball
1-0: Ball
2-0: Called Strike
2-1: Fly out, F7 (Flyball, 7M)
Batting: LHB Carlton López 0-0: Ball
1-0: Called Strike
1-1: Ball
2-1: Foul Ball, location: 2F
2-2: Strikes out swinging
Pitching: LHP Lonnie Cole
Batting: RHB Rubén Hernández 0-0: Called Strike
0-1: Swinging Strike
0-2: Foul Ball, location: 2F
0-2: Strikes out swinging
Top of the 6th over - 0 run(s), 1 hit(s), 0 error(s), 1 left on base; Punta Cana 0 - Plymouth 2
BOTTOM OF THE 6TH
Plymouth Cocks batting - Pitching for Punta Cana Hutias : RHP Doug Scott
Batting: RHB Kelly Graham 0-0: SINGLE (Line Drive, 78M)
Batting: LHB José Guzmán 0-0: Called Strike
0-1: Ball
1-1: Swinging Strike
1-2: Ball
2-2: Foul Ball, location: 2F
2-2: Ball
3-2: Ground out 4-3 (Groundball, 4)
Kelly Graham to second
Batting: RHB Phil Hacker 0-0: Swinging Strike
0-1: Swinging Strike
0-2: Ball
1-2: Ball
2-2: Ground out 4-3 (Groundball, 4)
Kelly Graham to third
Pitching: LHP Robert Dotson
Batting: RHB Chase Wilkerson 0-0: Ball
1-0: Swinging Strike
1-1: Fly out, F7 (Flyball, 78M)
Bottom of the 6th over - 0 run(s), 1 hit(s), 0 error(s), 1 left on base; Punta Cana 0 - Plymouth 2
TOP OF THE 7TH
Punta Cana Hutias batting - Pitching for Plymouth Cocks : LHP Lonnie Cole
Batting: RHB Edgardo Vásquez 0-0: Ball
1-0: Foul Ball, location: 2F
1-1: Foul Ball, location: 2F
1-2: Fly out, F9 (Flyball, 9M)
Batting: SHB Ken Gibson 0-0: Ball
1-0: Foul Ball, location: 2F
1-1: Ball
2-1: Foul Ball, location: 2F
2-2: Foul Ball, location: 2F
2-2: Ball
3-2: Strikes out looking
Batting: LHB Dusty Wilson 0-0: SINGLE (Groundball, 5D)
Batting: SHB Alonso Contrera 0-0: Called Strike
0-1: Fly out, F9 (Line Drive, 9M)
Top of the 7th over - 0 run(s), 1 hit(s), 0 error(s), 1 left on base; Punta Cana 0 - Plymouth 2
BOTTOM OF THE 7TH
Plymouth Cocks batting - Pitching for Punta Cana Hutias : LHP Robert Dotson
Batting: LHB Greg Sharpe 0-0: Ball
1-0: Called Strike
1-1: Foul Ball, location: 2F
1-2: Strikes out swinging
Batting: LHB Will Elliott 0-0: Ball
1-0: Foul Ball, location: 2F
1-1: Foul Ball, location: 2F
1-2: Ball
2-2: Strikes out swinging
Batting: RHB Pablo Hernández 0-0: Ball
1-0: Called Strike
1-1: Bunt for hit - play at first, batter OUT! 5-3
Bottom of the 7th over - 0 run(s), 0 hit(s), 0 error(s), 1 left on base; Punta Cana 0 - Plymouth 2
TOP OF THE 8TH
Punta Cana Hutias batting - Pitching for Plymouth Cocks : LHP Lonnie Cole
Batting: LHB Marvin Nichols 0-0: Ground out 4-3 (Groundball, 4M)
Batting: RHB Bob Lee 0-0: Foul Ball, location: 2F
0-1: Swinging Strike
0-2: Ball
1-2: Ball
2-2: Ball
3-2: Foul Ball, location: 2F
3-2: Foul Ball, location: 2F
3-2: Hit by Pitch
Batting: LHB Henry Durham 0-0: Ball
1-0: Swinging Strike
1-1: Ball
2-1: Fly out, F4 (Popup, 4D)
Batting: LHB Carlton López 0-0: Ball
1-0: Called Strike
1-1: SINGLE (Line Drive, 9S)
Bob Lee to second
Runner from 2nd tries for 3rd, SAFE, throw made to third
Pitching: RHP Jorge Martínez
Batting: RHB Rubén Hernández 0-0: Ball
1-0: Reached on error, E6 (Groundball, 6)
Bob Lee scores
Carlton López to second
Pinch Hitting: LHB Gustavo Gómez 0-0: Called Strike
0-1: DOUBLE (Flyball, 78D)
Carlton López scores
Rubén Hernández to third
Runner from 3rd tries for Home, SAFE, no throw or cutoff
Batting: SHB Ken Gibson 0-0: Ball
1-0: Ball
2-0: Ball
3-0: Called Strike
3-1: Base on Balls
Pinch Hitting: LHB Jon Quinn 0-0: Foul Ball, location: 2F
0-1: Ball
1-1: Foul Ball, location: 2F
1-2: Fielders Choice at 2nd, U4 (Groundball, 4M)
Top of the 8th over - 3 run(s), 2 hit(s), 1 error(s), 2 left on base; Punta Cana 3 - Plymouth 2
BOTTOM OF THE 8TH
Plymouth Cocks batting - Pitching for Punta Cana Hutias : LHP Robert Dotson
Pitching: RHP Ed Castillo
Now at 2B: Carlos Ruíz
Now in LF: Ron Campbell
Batting: RHB Cipriano Baca 0-0: SINGLE (Groundball, 34D)
Batting: RHB Tomás Díaz 0-0: Fielders Choice at 2nd, 6-4 (Groundball, 6)
Batting: RHB Kelly Graham 0-0: Foul Ball, location: 2F
0-1: Foul Ball, location: 2F
0-2: Ball
1-2: SINGLE (Groundball, 56D)
Tomás Díaz to second
Batting: LHB José Guzmán 0-0: Grounds into double play, U6-3 (Groundball, 6M)
Bottom of the 8th over - 0 run(s), 2 hit(s), 0 error(s), 1 left on base; Punta Cana 3 - Plymouth 2
TOP OF THE 9TH
Punta Cana Hutias batting - Pitching for Plymouth Cocks : RHP Jorge Martínez
Pitching: LHP John Dyer
Batting: SHB Alonso Contrera 0-0: Ball
1-0: Ground out 5-3 (Groundball, 56S)
Batting: LHB Marvin Nichols 0-0: Ball
1-0: Foul Ball, location: 2F
1-1: Foul Ball, location: 2F
1-2: Strikes out swinging
Batting: RHB Bob Lee 0-0: Ball
1-0: Ground out 6-3 (Groundball, 6)
Top of the 9th over - 0 run(s), 0 hit(s), 0 error(s), 0 left on base; Punta Cana 3 - Plymouth 2
BOTTOM OF THE 9TH
Plymouth Cocks batting - Pitching for Punta Cana Hutias : RHP Ed Castillo
Pitching: RHP Steve Harris
Now at SS: Armando Arellano
Now in RF: Roberto Medina
Pinch Hitting: RHB Chris Hall 0-0: SINGLE (Groundball, 34D)
Pinch Hitting: RHB Jake Erickson 0-0: Bunted foul
0-1: Ball
1-1: Sac Bunt - play at first, batter OUT! 1-4
Chris Hall to second
Pinch Hitting: RHB Dan Duckworth 0-0: Ball
1-0: Called Strike
1-1: Foul Ball, location: 2F
1-2: Strikes out looking
Batting: LHB Will Elliott 0-0: Ball
1-0: Called Strike
1-1: Swinging Strike
1-2: Ball
2-2: Ball
3-2: Fly out, F6 (Popup, 56D)
Bottom of the 9th over - 0 run(s), 1 hit(s), 0 error(s), 1 left on base; Punta Cana 3 - Plymouth 2
Monday, December 5th, 2016 - OOTP Baseball 17.12 Build 75